 Dungeon Crawl Stone Soup version 0.18-b1-22-ge198996 (webtiles) character file.

371 wvc the Cudgeler (level 6, 3/44 HPs)
             Began as a Mummy Gladiator on May 4, 2016.
             Quit the game on level 4 of the Dungeon.
             The game lasted 00:04:50 (3901 turns).

wvc the Cudgeler (Mummy Gladiator)                  Turns: 3901, Time: 00:04:50

Health: 3/44       AC:  7    Str: 18    XL:     6   Next: 42%
Magic:  15/15      EV: 11    Int: 13    God:
Gold:   95         SH:  0    Dex: 12    Spells: 0 memorised, 5 levels left

rFire  x . .     SeeInvis .     a - +0 flail
rCold  + . .     Gourm    .     l - +0 ring mail
rNeg   + + +     Faith    .     (no shield)
rPois  ∞         Spirit   .     c - +0 helmet
rElec  .         Dismiss  .     p - +0 cloak {+Inv}
rCorr  .         Reflect  .     (no gloves)
SustAt .         Harm     .     (no boots)
MR     .....                    (no amulet)
Stlth  +.........               n - ring of magical power
                                e - +3 ring of intelligence

@: not resistant to hostile enchantments, very unstealthy
A: no food or potions, fire vulnerability, cold resistance 1, negative energy
resistance 3, torment resistance, unbreathing
a: Evoke Invisibility


You were on level 4 of the Dungeon.
You were not hungry.

You visited 1 branch of the dungeon, and saw 5 of its levels.

You collected 95 gold pieces.

Inventory:

Hand Weapons
 a - a +0 flail (weapon)
Missiles
 d - a throwing net (quivered)
 m - 5 curare-tipped needles
 t - 7 tomahawks of returning
Armour
 c - a +0 helmet (worn)
 l - a +0 ring mail (worn)
 o - the +15 Maxwell's patent armour {-Cast -Tele rElec MR+ rCorr}
   (You found it on level 4 of the Dungeon)

   It insulates you from electricity.
   It affects your resistance to hostile enchantments.
   It prevents spellcasting.
   It prevents most forms of teleportation.
   It protects you from acid and corrosion.
 p - a +0 cloak of invisibility (worn)
Jewellery
 e - a +3 ring of intelligence (left hand)
 n - a ring of magical power (right hand)
 r - an uncursed ring of magical power
Scrolls
 b - a scroll of fog {unknown}
 f - a scroll of identify {unknown}
 g - a scroll of immolation {unknown}
 h - 3 scrolls of remove curse {unknown}
 i - a scroll of teleportation {unknown}
 j - 2 scrolls of enchant weapon {unknown}
 k - a scroll of recharging {unknown}
 q - a scroll of fear {unknown}
 s - a scroll of magic mapping {unknown}


   Skills:
 - Level 2.0 Fighting
 + Level 6.1 Maces & Flails
 - Level 1.5 Throwing
 - Level 2.4 Dodging


You had 5 spell levels left.
You didn't know any spells.

Dungeon Overview and Level Annotations

Branches:
Dungeon (5/15)
 Temple: D:4-7

Altars:
Xom


Innate Abilities, Weirdness & Mutations

You do not eat or drink.
Your flesh is vulnerable to fire.
You are immune to poison.
Your flesh is cold resistant.
You are immune to negative energy.
You are immune to unholy pain and torment.
You can survive without breathing.


Message History

The orc burns you. The orc wizard hits you with a dagger.
The orc hits you with a mace.
You hit the orc wizard but do no damage.
The orc wizard barely misses you. The orc barely misses you.
The orc wizard hits you but does no damage.
The orc hits you with a mace.
* * * LOW HITPOINT WARNING * * *
The orc wizard hits you but does no damage.
The orc barely misses you.
The orc wizard points at you and mumbles some strange words.
The magic dart hits you!
* * * LOW HITPOINT WARNING * * *
There is an open door here.
As you close the door, it creaks loudly!
An orc wizard opens the door.
You close the door.
An orc wizard opens the door.
You hit the orc wizard but do no damage.
The orc wizard hits you with a dagger.
* * * LOW HITPOINT WARNING * * *
Are you sure you want to abandon this character and quit the game? (Confirm with "yes".)

..#######...###...##.##..########
..##..###...###...##.######.##...
...%..÷..............#...........
.....................#...........
.....................'...........
............%........#...........
.....................#...........
.....................#......†....
##....##....##..@..####..##.##.#.
##....##....####o######..##.##.##
................o...#.....#.....#
....................+.....#...(.#
................[...#.....#.....#
##...###....###...###.....#....##
##...##########...###...########
......#.............>....#
......#..................#


You could see an orc wizard and an orc.

Vanquished Creatures
  Sigmund (D:3)
  Crazy Yiuf (D:3)
  A hound (D:3)
  A worker ant (D:5)
  4 adders
  2 oozes (D:1)
  2 worms (D:2)
  2 dart slugs
  A giant gecko (D:2)
  6 orcs
  5 bats
  5 giant cockroaches
  5 goblins
  6 hobgoblins
  9 jackals
  2 quokkas
  A ball python (D:4)
  A giant gecko skeleton (D:4)
  6 giant newts
  9 kobolds
  4 rats
74 creatures vanquished.

Notes
Turn   | Place    | Note
--------------------------------------------------------------
     0 | D:1      | wvc the Mummy Gladiator began the quest for the Orb.
     0 | D:1      | Reached XP level 1. HP: 16/16 MP: 1/1
   185 | D:1      | Reached XP level 2. HP: 13/22 MP: 2/2
   321 | D:1      | Reached skill level 3 in Maces & Flails
  1038 | D:1      | Reached XP level 3. HP: 27/27 MP: 3/3
  1986 | D:2      | Reached skill level 4 in Maces & Flails
  2129 | D:3      | Noticed Sigmund
  2210 | D:3      | Reached XP level 4. HP: 32/33 MP: 4/4
  2336 | D:3      | Killed Sigmund
  2336 | D:3      | Reached skill level 5 in Maces & Flails
  2336 | D:3      | Reached XP level 5. HP: 22/38 MP: 5/5
  2534 | D:3      | Reached XP level 6. HP: 39/44 MP: 6/6
  2790 | D:3      | Noticed Crazy Yiuf
  2807 | D:3      | Killed Crazy Yiuf
  3372 | D:5      | Entered Level 5 of the Dungeon
  3372 | D:5      | Found a shimmering altar of Xom.
  3380 | D:5      | Reached skill level 6 in Maces & Flails
  3901 | D:4      | Quit the game

Skill      XL: |  1  2  3  4  5  6 |
---------------+-------------------+-----
Maces & Flails | 3 4 5 6 |  6.1
Fighting       | |  2.0
Throwing       | |  1.5
Dodging        | |  2.4

Action                   |  1- 3 |  4- 6 || total
-------------------------+-------+-------++-------
Melee: Flail             |   152 |   155 ||   307
Throw: Throwing net      |     2 |     4 ||     6
 Stab: Held in net/web   |     1 |       ||     1
Armor: Leather armour    |    31 |       ||    31
       Ring mail         |    20 |    47 ||    67
       Plate armour      |       |    35 ||    35
Dodge: Dodged            |   102 |   111 ||   213
